Cogmind - Beta 9.3 @@@ ROGUE MODE // 2019.12.25 @ 19:09:32 Player: Demise Result: Smashed by cave-in Performance ------------- Evolutions (0) 0 Regions Visited (2) 400 Robots Destroyed (26) 130 Value Destroyed (192) 192 Prototype IDs (0) 0 Alien Tech Used (0) 0 Bonus (0) 0 TOTAL SCORE: 722 Bonus ------- None Cogmind --------- Core Integrity 0/250 Matter 230/300 Energy 100/100 System Corruption 22% Temperature Cool (0) Movement Core (350) Ox6 Location -10/Mines Parts ------- > --- POWER (1) -------- (None) > --- PROPULSION (2) --- (None) > --- UTILITY (2) ------ Large Storage Unit > --- WEAPON (2) ------- Autogun > --- INVENTORY (10) --- VTOL Module VTOL Module Medium Matter Pod (41) Signal Interpreter Improved Terrain Scanner Seismic Analyzer Peak State ------------ > --- POWER ------------ Light Ion Engine > --- PROPULSION ------- Armored Wheel Armored Wheel > --- UTILITY ---------- Large Storage Unit Hacking Suite > --- WEAPON ----------- Autogun Autogun > --- INVENTORY -------- VTOL Module VTOL Module Small Matter Pod Signal Interpreter Improved Terrain Scanner Seismic Analyzer Mining Laser [Rating: 14] Favorites ----------- Power Ion Engine Engine Ion Engine Propulsion Aluminum Leg Leg Aluminum Leg Wheel Armored Wheel Utility Small Storage Unit Device Tractor Beam Storage Small Storage Unit Hackware Hacking Suite Weapon EM Pulse Gun Energy Gun EM Pulse Gun Ballistic Gun Autogun Special Weapon Mining Laser Build | -11 -10 -10 ------- Run | Scr Mat Min Slots Evolved . | . . . Power . | . . . Propulsion . | . . . Utility . | . . . Weapon . | . . . Parts Attached 20 | 8 10 2 Power 2 | 1 1 . Engine 2 | 1 1 . Core . | . . . Reactor . | . . . Propulsion 7 | 2 5 . Treads . | . . . Leg 4 | 2 2 . Wheel 3 | . 3 . Hover . | . . . Flight . | . . . Utility 4 | 2 2 . Device 1 | 1 . . Storage 2 | 1 1 . Processor . | . . . Hackware 1 | . 1 . Protection . | . . . Artifact . | . . . Weapon 7 | 3 2 2 Energy Gun 3 | 3 . . Energy Cannon . | . . . Ballistic Gun 3 | . 2 1 Ballistic Cannon . | . . . Launcher . | . . . Special Weapon 1 | . . 1 Impact Weapon . | . . . Slashing Weapon . | . . . Piercing Weapon . | . . . Special Melee Weapon . | . . . Unidentified Prototypes . | . . . Parts Lost 7 | . 1 6 Power 1 | . . 1 Propulsion 2 | . . 2 Utility 1 | . . 1 Weapon 3 | . 1 2 Highest Loss Streak 6 | . 1 6 Average Slot Usage (%) 97 | . 98 92 Engine 13 | . 14 10 Leg 14 | . 16 . Wheel 14 | . 11 28 Device 5 | . 6 . Storage 14 | . 14 14 Hackware 7 | . 7 10 Energy Gun 13 | . 16 . Ballistic Gun 13 | . 10 28 Naked Turns . | . . . Heaviest Build 25 | 14 25 25 Greatest Support 24 | 20 24 24 Greatest Overweight (x) 1 | . 1 1 Average Overweight (x) . | . . . Largest Inventory Capacity 10 | 6 10 10 Average Capacity 6 | 5 6 10 Most Carried 8 | 6 8 7 Average Carried 5 | 4 6 6 Final Capacity 10 | 6 10 10 Final Carried 7 | 5 7 6 Class Distribution -------------------- 100% | Mutant Dominant Class ---------------- Mutant | -10/Materials Mutant | -10/Mines Resources | -11 -10 -10 ----------- Run | Scr Mat Min Matter Collected 521 | 303 218 . Remotely 158 | 138 20 . Salvage Created 774 | 382 356 36 Parts 63 | 37 26 . Haulers Intercepted 2 | . 2 . Recyclers Shooed 1 | . 1 . Parts Field Recycled . | . . . Retrieved Matter . | . . . Parts Self-Destructed . | . . . Prevented . | . . . Kills | -11 -10 -10 ------- Run | Scr Mat Min Combat Hostiles Destroyed 7 | . 4 3 Guns 7 | . 4 3 Classes Destroyed 9 | 3 5 1 Worker 4 | 4 . . Builder 1 | . 1 . Tunneler 9 | 9 . . Hauler 2 | . 2 . Recycler 2 | 1 1 . Operator 1 | . 1 . Swarmer 2 | . 2 . Grunt 2 | . 2 . Assembled 3 | . . 3 Best Kill Streak 5 | 5 2 3 Combat Bots Only 3 | . 2 3 Max Kills in Single Turn 2 | 1 2 1 Gunslinging . | . . . Exploded . | . . . Melee . | . . . Uniques/NPCs Destroyed . | . . . Combat | -11 -10 -10 -------- Run | Scr Mat Min Damage Taken 1162 | . 257 905 Core 273 | . 42 231 Absorbed by Shields . | . . . Core Remaining (%) 100 | 100 . . Volleys Fired 69 | 27 31 11 Largest 2 | 2 2 2 Hottest 100 | 90 90 100 Shots Fired 131 | 54 56 21 Gun 130 | 54 56 20 Cannon . | . . . Launcher . | . . . Special 1 | . . 1 Kinetic 37 | . 17 20 Thermal 45 | 27 17 1 Explosive . | . . . Electromagnetic 49 | 27 22 . Robot Hit Streak 13 | 4 13 9 Robot Miss Streak 4 | 4 4 2 Penetration Max . | . . . Secondary Targets 1 | . . 1 Max Gunslinging Chain 1 | . . 1 Shots Hit Robots 74 | 27 33 14 Core Hits 32 | 14 12 6 Critical Hits . | . . . Critical Kills . | . . . Critical Parts Destroyed . | . . . Melee Attacks . | . . . Impact . | . . . Slashing . | . . . Piercing . | . . . Sneak Attacks . | . . . Combat Hostiles . | . . . Follow-up Attacks . | . . . Damage Inflicted 970 | 324 473 173 Guns 970 | 324 473 173 Cannons . | . . . Explosions . | . . . Melee . | . . . Ramming . | . . . Kinetic 348 | . 175 173 Thermal 262 | 113 149 . Explosive . | . . . Electromagnetic 360 | 211 149 . Impact . | . . . Slashing . | . . . Piercing . | . . . Highest Corruption 22 | . 3 22 Average Corruption 3 | . 2 5 Corruption Purged . | . . . Effects 11 | . 8 3 Message Errors 1 | . 1 . Matter Fused 1 | . 1 . Energy Discharges 2 | . 1 1 Data Loss (minor) 2 | . 2 . Targeting Errors 4 | . 2 2 Weapon Failures 1 | . 1 . Overload Shots . | . . . Overflow Damage . | . . . Projectiles . | . . . Explosions . | . . . Melee . | . . . Knockbacks . | . . . Impact . | . . . Kinetic . | . . . Secondary . | . . . Self-Inflicted Damage . | . . . Shots . | . . . Rammed . | . . . Targets Rammed . | . . . Kicked . | . . . Crushed . | . . . Highest Temperature 468 | 192 468 35 Average Temperature 94 | 58 145 13 Received Heat Transfer 118 | . 78 40 Effects 6 | . 6 . Shutdowns 1 | . 1 . Matter Decay 1 | . 1 . Damage (major) 4 | . 4 . Siege Activations . | . . . Robots Corrupted . | . . . Combat Hostiles . | . . . Parts Fried . | . . . Impact Corruptions . | . . . Robots Melted . | . . . Combat Hostiles . | . . . Parts Melted 4 | 1 3 . Heat Transferred 777 | 333 444 . Parts Sabotaged . | . . . Parts Stolen . | . . . Parts Stripped . | . . . Power Chain Reactions . | . . . Missiles Intercepted . | . . . Alert | -11 -10 -10 ------- Run | Scr Mat Min Peak Influence 238 | 70 238 92 Average Influence 85 | 31 132 84 Maximum Alert Level 1 | . 1 . Low Security (%) 89 | 100 79 100 Level 1 10 | . 20 . Level 2 . | . . . Level 3 . | . . . Level 4 . | . . . Level 5 . | . . . High Security . | . . . Max Security . | . . . Squads Dispatched 2 | . 2 . Investigation 1 | . 1 . Extermination . | . . . Reinforcement 1 | . 1 . Assault . | . . . Garrison . | . . . Intercept . | . . . Construction Impeded . | . . . Haulers Reinforced . | . . . Stealth | -11 -10 -10 --------- Run | Scr Mat Min Distress Signals 3 | . 3 . Communications Jammed . | . . . Distress Signals . | . . . Times Spotted 22 | . 16 6 Peak Tracking Total 6 | . 5 6 Tactical Retreats 3 | . 3 . Traps | -11 -10 -10 ------- Run | Scr Mat Min Traps Triggered 3 | . 3 . Indirectly . | . . . Trap Hack Attempts . | . . . Triggered . | . . . Disarmed . | . . . Reprogrammed . | . . . Reused . | . . . Traps Extracted . | . . . Installed . | . . . Triggered . | . . . Machines | -11 -10 -10 ---------- Run | Scr Mat Min Machines Disabled . | . . . Max in Single Turn . | . . . Machines Sabotaged . | . . . Garrisons Compromised . | . . . Overloaded Fab Kills . | . . . Fab Network Shutdowns . | . . . Hacking | -11 -10 -10 --------- Run | Scr Mat Min Machines Accessed 3 | . 3 . Terminals 3 | . 3 . Fabricators . | . . . Repair Stations . | . . . Recycling Units . | . . . Scanalyzers . | . . . Garrison Access . | . . . Total Hacks 7 | . 7 . Successful 4 | . 4 . Failed 3 | . 3 . Catastrophic . | . . . Database Lockouts . | . . . Manual 6 | . 6 . Terminals 7 | . 7 . Fabricators . | . . . Repair Stations . | . . . Recycling Units . | . . . Scanalyzers . | . . . Garrison Access . | . . . Terminal Hacks 1 | . 1 . Branch Access Points 1 | . 1 . Fabricator Hacks . | . . . Repair Station Hacks . | . . . Recycling Unit Hacks . | . . . Scanalyzer . | . . . Garrison Access Hacks . | . . . Unauthorized Hacks 6 | . 6 . Terminals 3 | . 3 . Botnet 3 | . 3 . Fabricators . | . . . Repair Stations . | . . . Recycling Units . | . . . Scanalyzers . | . . . Garrison Access . | . . . Data Cores Recovered . | . . . Used . | . . . Hacking Detections 3 | . 3 . Full Trace Events . | . . . Feedback Events . | . . . Feedback Blocked . | . . . Robot Schematics Acquired . | . . . Robots Built . | . . . Matter . | . . . Time . | . . . Total Robot Build Rating . | . . . Part Schematics Acquired . | . . . Parts Built . | . . . Matter . | . . . Time . | . . . Total Part Build Rating . | . . . Parts Repaired . | . . . Time . | . . . Parts Recycled . | . . . Recycled Matter . | . . . Retrieved Matter . | . . . Retrieved Components . | . . . Parts Scanalyzed . | . . . Part Schematics Acquired . | . . . Parts Damaged . | . . . Bothacking | -11 -10 -10 ------------ Run | Scr Mat Min Used RIF Installer . | . . . Robots Hacked . | . . . Non-combat . | . . . Combat . | . . . Robot Hacks Applied . | . . . Relay Couplers Released . | . . . Robots Rewired . | . . . Allies Hacked . | . . . Hacks Repelled . | . . . Allies | -11 -10 -10 -------- Run | Scr Mat Min Total Allies . | . . . Largest Group . | . . . Highest-Rated Group . | . . . Highest-Rated Ally . | . . . Total Orders . | . . . Ally Attacks . | . . . Total Damage . | . . . Kills . | . . . Allies Corrupted . | . . . Allies Melted . | . . . Intel | -11 -10 -10 ------- Run | Scr Mat Min Robot Analysis Total . | . . . Derelict Logs Recovered 1 | . . 1 Drone Launches . | . . . Drone Recoveries . | . . . Exploration | -11 -10 -10 ------------- Run | Scr Mat Min Turns Passed 782 | 322 380 80 Spaces Moved 483 | 186 250 47 Core 5 | 5 . . Treads . | . . . Legs 314 | 181 133 . Wheels 164 | . 117 47 Hover . | . . . Flight . | . . . Fastest Speed 50 | 50 90 90 Average Speed 110 | 118 107 99 Slowest Speed 120 | 120 120 100 Overloaded Moves . | . . . Propulsion Burnouts . | . . . Robots Hopped . | . . . Cave-ins Triggered 2 | . . 2 Exploration Rate (%) 26 | 6 51 23 Regions Visited 2 Branch Regions 1 Pre-discovered Areas 1 | . . 1 Known Exits Taken 1 | . 1 . Unknown Exits Taken 1 | 1 . . Scrap Searched . | . . . Spaces Dug 1 | . . 1 Terrain Destroyed 1 | . . 1 Melee . | . . . Projectile 1 | . . 1 AOE . | . . . Actions | -11 -10 -10 --------- Run | Scr Mat Min Total 607 | 235 311 61 Wait 5 | . 4 1 Move 481 | 185 249 47 Hop . | . . . Pick Up 14 | 9 5 . Fast Attach 14 | 8 6 . Attach 1 | . . 1 Detach 1 | 1 . . Swap 5 | . 4 1 Drop 17 | 5 12 . Fire 69 | 27 31 11 Melee . | . . . Ram . | . . . Kick . | . . . Crush . | . . . Escape Stasis . | . . . Rewire . | . . . Trap . | . . . Miscellaneous . | . . . Route ------- -11/Scrapyard -10/Materials (discovered 2 exits: [*Mat] / *Min) -10/Mines History --------- Turn | Location | Event 8 | -11/Scrapyard | Discovered new exit (range 16) 323 | -11/Scrapyard | Entered Materials 324 | -10/Materials | Build established: Mutant 395 | -10/Materials | Identified exit to Mines 545 | -10/Materials | Discovered new exit (range 8) 703 | -10/Materials | Entered Mines 707 | -10/Mines | Learned location of Mines (-9) 719 | -10/Mines | Assembled infested the area 765 | -10/Mines | System corruption reached 10% 783 | -10/Mines | Crushed by falling debris 783 | -10/Mines | Core integrity fell below 50% 784 | -10/Mines | Crushed by falling debris 784 | -10/Mines | Smashed by cave-in Last Messages --------------- 00761_ System corrupted by crushing effect (+4). 00763_ System corrupted: Energy discharge (-32). 00764_ Lgt. Ion Engine destroyed. 00764_ System corrupted by crushing effect (+4). 00764_ Mining Laser destroyed. 00771_ as-52904 destroyed. 00771_ Switching to secondary target: as-84841. 00773_ System corrupted: Autogun targeting data glitched. 00773_ as-84841 destroyed. 00776_ as-86470 destroyed. 00783_ The unstable cave ceiling collapses. 00783_ Crushed by falling debris. 00783_ Autogun destroyed. 00783_ System corrupted by crushing effect (+5). 00783_ Arm. Wheel destroyed. 00783_ System corrupted by crushing effect (+3). 00783_ Arm. Wheel destroyed. 00783_ System corrupted by crushing effect (+3). 00784_ The unstable cave ceiling collapses. 00784_ Crushed by falling debris. Map ----- +----------------------------------------------------+ | | | ?????????????????????????????????????????????????? | | ?????????????????????????????????????????????????? | | ?????????????????????????????????????????????????? | | ?????????????????????????????????????????????????? | | ?????????????????????????????????????????????????? | | ?????????????????????????????????????????????????? | | ?????????????????????????????????????????????????? | | ?????????????????????????????????????????????????? | | ?????????????????????????????????????????????????? | | ?????????????????????????????????????????????????? | | ?????????????????????????????????????????????????? | | ?????????????????#???????????????????????????????? | | ?????????????#### ???????????????????????????????? | | ????????????## ???????????????????????????????? | | ????????????# ???????????????????????????????? | | ????????????# #??????????????????????????????? | | ????????????# #??????????????????????????????? | | ????????????# #??????????????????????????????? | | ???????????## ##?????????????????????????????? | | ???????##### #??####???????????????????????? | | ??????## !#?## ##??????????????????????? | | ?????## !%### #??????????????????????? | | ???### """ a% #??????????????????????? | | ??## """ %a##??????????????????????? | | ??# """ ###@#??????????????????????? | | ??# ##?###??????????????????????? | | ???# %! ####???????????????????????????? | | ????# * ##??????????????????????????????? | | ????## #???????????????????????????????? | | ?????# ## ############?????????????????????? | | ?????# ???## #?# #?????????????????????? | | ????? ??????## #?# #?????????????????????? | | ?????????##### #?# #?????????????????????? | | ?????????# ### """ #?????????????????????? | | ?????????# ### """ #?????????????????????? | | ?????????# #?###### """ #?????????????????????? | | ?????????# #??????# #?????????????????????? | | ?????????# ###????##########?????????????????????? | | ????????## %=##??????????????????????????????????? | | ???###### = ####???????????????????????????????? | | ???# =%= #????????????????????????? | | ???# ### ! #???????????????????????? | | ???# #?## ????????????????????????? | | ???# #??## ## ????????????????????????? | | ??? #????# ##??? ?????????????????????????? | | ??# #?????# ##???????????????????????????????? | | ??# ##?????? #????????????????????????????????? | | ??# ???????? #????????????????????????????????? | | ??# ???????? #???????????????????????????????? | +----------------------------------------------------+ Best States ------------- Heat Dissipation 25 Energy Generation 10 Energy Capacity 250 Matter Stores 300 Matter Capacity 300 Sight Range 16 Terrain Scan Density 10 Evasion (%) 42 Offensive Hacking 10 Item Schematics ----------------- None Robot Schematics ------------------ None Fabricated ------------ Nothing Alien Tech Used ----------------- None Achievements -------------- None Challenges ------------ None Game ------ Seed MasterFieldRegulator Manual? 0 Play Time 00:09:51 Cumulative 155.7 hours Start 2019.12.25 @ 19:00:34 End 2019.12.25 @ 19:09:32 Sessions 1 Manual Loads 0 Difficulty Rogue Special Mode None Game No. 211 Rogue 200 Adventurer 11 Explorer 0 Win Type - Total 0 Types 0/0/0/0/0/0/0 Lore% 48 Gallery% 59 Achievement% 42 Wizard Run 0 Options --------- ASCII 0 Keyboard 1 Movement Numpad Keybinds 0 Fullscreen 1 Font 12/Terminus Map View 83x54 Tactical HUD 1 Map Filters NONE Filters NONE Steam X RUN: e201b128-c03d-4db7-b8a4-2be6cff7d70a